 Dungeon Crawl Stone Soup version 0.23.2-1-ga50397a (webtiles) character file.

Game seed: 15162350603930773913

73 Fang the Skirmisher (level 4, -2/29 HPs)
             Began as a Gargoyle Berserker on Apr 23, 2019.
             Was a Believer of Trog.
             Slain by Grinder (7 damage)
             ... on level 3 of the Dungeon.
             The game lasted 00:01:12 (1760 turns).

Fang the Skirmisher (Gargoyle Berserker)            Turns: 1760, Time: 00:01:13

Health: -2/29      AC:  5    Str: 22    XL:     4   Next: 27%
Magic:  4/4        EV: 12    Int:  7    God:    Trog [**....]
Gold:   132        SH:  0    Dex:  9    Spells: 3/3 levels left

rFire    . . .     SeeInvis .   a - +0 hand axe
rCold    . . .     Gourm    .   (no shield)
rNeg     + . .     Faith    .   b - +0 animal skin
rPois    ∞         Spirit   .   (no helmet)
rElec    +         Reflect  .   (no cloak)
rCorr    .         Harm     .   (no gloves)
MR       .....                  (no boots)
Stlth    +.........             (no amulet)
HPRegen  0.09/turn              (no ring)
MPRegen  0.09/turn              (no ring)

@: no status effects
A: negative energy resistance 1, electricity resistance, unbreathing,
petrification resistance, rot immunity, AC +3
a: Berserk, Trog's Hand, Renounce Religion


You were on level 3 of the Dungeon.
You worshipped Trog.
Trog was pleased with you.
You were not hungry.

You visited 1 branch of the dungeon, and saw 3 of its levels.

You collected 132 gold pieces.

Inventory:

Hand Weapons
 a - a +0 hand axe (weapon)
Armour
 b - a +0 animal skin (worn)
Wands
 j - a wand of flame (16)
Scrolls
 d - 2 scrolls of remove curse {unknown}
 e - a scroll of teleportation {unknown}
 i - a scroll of fog {unknown}
 k - a scroll of identify {unknown}
 l - a scroll of immolation {unknown}
Potions
 f - a potion of ambrosia {unknown}
 h - a potion of curing {unknown}
Comestibles
 c - 5 rations
 g - 5 chunks of flesh


   Skills:
 + Level 3.9 Fighting
 + Level 3.2 Axes
 + Level 3.0 Armour
 + Level 2.2 Dodging


You had 3 spell levels left.
You didn't know any spells.
Your spell library was empty.

Dungeon Overview and Level Annotations

Branches:
Dungeon (3/15)

Altars:

Annotations:
D:3 Grinder


Innate Abilities, Weirdness & Mutations

You are resistant to torment.
Your stone body is resilient. (AC +3)
You are immune to poison.
You resist negative energy. (rN+)
You are resistant to electric shocks. (rElec)
You can survive without breathing.
You are immune to petrification.
You are immune to rotting.


Message History

The bat hits you but does no damage. Grinder gestures at you.
You shrug off the repeated paralysis!
The bat hits you but does no damage. The bat barely misses you.
Grinder hits you.
You writhe in agony.
The bat hits you but does no damage. Grinder gestures at you.
You shrug off the repeated paralysis!
The bat hits you but does no damage. Grinder hits you but does no damage.
The bat hits you.
* * * LOW HITPOINT WARNING * * *
Grinder gestures at you. Pain shoots through your body!
* * * LOW HITPOINT WARNING * * *
You can move again.
You hit the bat.
The bat is moderately wounded.
You closely miss Grinder. The bat hits you but does no damage.
Grinder hits you!
You die...

#.......#
#.......#
#.......#
#####.......###
...............
#.........#
#.........#
#....@....#
#...5##b..#
#....##.#.#
.......+....#
##.....#....#
...#+#.....#######
..........<.......
..####.#########.#
#.


You could see Grinder and a bat.

Vanquished Creatures
  A hound skeleton (D:3)
  2 adders
  2 worms (D:2)
  A leopard gecko (D:1)
  3 giant cockroaches
  5 goblins
  3 hobgoblins
  A quokka (D:2)
  9 bats
  3 frilled lizards
  4 kobolds
  4 rats
38 creatures vanquished.

Notes
Turn   | Place    | Note
-------+----------+-------------------------------------------
     0 | D:1      | Fang the Gargoyle Berserker began the quest for the Orb.
     0 | D:1      | Reached XP level 1. HP: 14/14 MP: 1/1
   245 | D:1      | Reached XP level 2. HP: 14/19 MP: 2/2
   679 | D:2      | Found a faded altar of an unknown god.
   702 | D:2      | Reached XP level 3. HP: 4/23 MP: 3/3
  1741 | D:3      | Reached XP level 4. HP: 25/29 MP: 4/4
  1751 | D:3      | Reached ** piety under Trog
  1752 | D:3      | Noticed Grinder
  1753 | D:3      | Paralysed by Grinder for 7 turns
  1760 | D:3      | Slain by Grinder

Skill      XL: |  1  2  3 |
---------------+----------+-----
Axes           | 3 |  3.2
Dodging        | 2 |  2.2
Armour         | 3 |  3.0
Fighting       | |  3.9

Action                   |  1- 3 |  4- 6 || total
-------------------------+-------+-------++-------
Melee: Hand axe          |   108 |    12 ||   120
Invok: Berserk           |     1 |       ||     1
 Stab: Sleeping          |     1 |       ||     1
  Eat: Chunk             |     4 |       ||     4
Armor: Animal skin       |    46 |     9 ||    55
Dodge: Dodged            |    98 |     7 ||   105
